AoeStats
← Zac

African Clearing

505361582Analyzed
4v4 RM · 24d ago on Sep 9, 2026· 19m 13s· 8 players
Game mode
Random Map
Map size
Large (8 player)
Population
200
Speed
Normal
Resources
Standard
Victory
Conquest
Starting age
Dark Age
Ending age
Imperial Age
RankedLock teamsTeams togetherTeam positionsShared explorationLock speedFull tech treeHidden civsTurbo modeCheats
Victory
Defeat
🇨🇷 Hindustanis · Costa Rica
1326
+15
🇺🇸 Berbers · United States
1323
+15
🇺🇸 Teutons · United States
1286
+16
🇨🇷 Vietnamese · Costa Rica
1272
+17
🇺🇸 Malay · United States
1395
-19
🇵🇪 Magyars · Peru
1357
-18
🇲🇽 Britons · Mexico
1356
-18
🇺🇸 Vietnamese · United States
1079
-8
hkc02
6:27 Loom
13:27 Feudal Age
17:43 Castle Age
15:53 Double-Bit Axe
17:30 Stone Mining
19:47 Bow Saw
Peppyzizzle25
2:55 Loom
12:42 Feudal Age
18:51 Castle Age
17:01 Gold Mining
17:16 Double-Bit Axe
17:29 Horse Collar
18:33 Forging
[CRM] - Shadow
6:10 Loom
14:30 Feudal Age
20:13 Castle Age
[CRM]-Camacho
11:44 Loom
14:14 Feudal Age
16:57 Bloodlines
18:52 Castle Age
17:35 Bloodlines
18:28 Double-Bit Axe
19:36 Wheelbarrow
BIG Q
10:35 Loom
13:03 Feudal Age
13:37 Double-Bit Axe
14:40 Town Watch
15:54 Gold Mining
Zac
5:16 Loom
15:54 Feudal Age
J10KQ
11:50 Feudal Age
13:11 Loom
13:36 Scale Barding Armor
Manee
11:02 Loom
13:31 Feudal Age
14:24 Double-Bit Axe
14:34 Horse Collar
17:43 Town Watch
Connection lost

Rejoining the realm…

Still unreachable

The connection could not be restored.

Session expired

The server has moved on; the page needs a fresh start.